 Dungeon Crawl Stone Soup version 0.18.1-50-g88ac8fd (webtiles) character file.

534036 Mungo the Imperceptible (level 27, -11/256 HPs)
             Began as a Halfling Hunter on Sept 29, 2016.
             Was the Champion of Okawaru.
             Mangled by a small abomination (12 damage)
             ... while paralysed by accursed screaming
             ... on level 3 of the Abyss on Oct 1, 2016.
             The game lasted 14:48:09 (66650 turns).

Mungo the Imperceptible (Halfling Hunter)          Turns: 66650, Time: 14:48:09

Health: -11/256    AC: 32    Str: 30    XL:     27
Magic:  26/28      EV:  3    Int: 14    God:    Okawaru [******]
Gold:   3839       SH:  0    Dex: 38    Spells: 10 memorised, 18 levels left

rFire  + + .     SeeInvis .     a - +10 rapier of Egalitarianism {flame, +Blink +Rage MP-9 Str+5}
rCold  + + .     Gourm    .     w - +8 fire dragon armour of the Maze {rElec rF++ rC- Regen+ Dex+3 Slay+2}
rNeg   . . .     Faith    +     E - +5 shield {reflect}
rPois  +         Spirit   .     V - +0 helmet of Imoingu {rC+}
rElec  +         Dismiss  .     N - +2 cloak {rPois}
rCorr  .         Reflect  +     B - +2 pair of gloves {Dex+3}
SustAt .         Harm     .     A - +2 pair of boots {run}
MR     +++..                    U - amulet of Vehumet's Anger {Faith rC+ MR+ Str+4}
Stlth  ..........               Z - ring "Garoisos" {Ice +Inv +Fly Int+4}
                                k - ring of Faplonau {rPois rF+ Str+3 Dex+5}

@: paralysed, berserking (expiring), about to teleport, very slightly
contaminated, hasted, quick, extremely resistant to hostile enchantments,
extremely unstealthy
A: mutation resistance 1
a: Heroism, Finesse, Renounce Religion, Evoke Blink, Evoke Berserk Rage, Evoke
Invisibility, Evoke Flight
}: 3/15 runes: decaying, serpentine, silver


You were on level 3 of the Abyss.
You worshipped Okawaru.
Okawaru was exalted by your worship.
You were not hungry.

You visited 10 branches of the dungeon, and saw 45 of its levels.
You visited the Abyss 4 times.
You also visited: Labyrinth, Bailey, Ice Cave and Volcano.

You collected 7669 gold pieces.
You spent 3603 gold pieces at shops.

Inventory:

Hand Weapons
 a - the +10 rapier of Egalitarianism (weapon) {flame, +Blink +Rage MP-9 Str+5}
   (Okawaru gifted it to you on level 14 of the Dungeon)

   It has been specially enchanted to burn those struck by it, causing extra
   injury to most foes and up to half again as much damage against particularly
   susceptible opponents.
   It affects your strength (+5).
   It affects your magic capacity (-9).
   It lets you blink.
   It lets you go berserk.
 b - the +6 demon blade of Death's Door {freeze, rC+}
   (Okawaru gifted it to you on level 12 of the Dungeon)

   It has been specially enchanted to freeze those struck by it, causing extra
   injury to most foes and up to half again as much damage against particularly
   susceptible opponents.
   It can also slow down cold-blooded creatures.
   It protects you from cold.
 c - the +6 hunting sling of the Doomed Warrior {venom, rF+ Stlth+}
   (Okawaru gifted it to you on level 1 of the Vaults)

   It poisons the ammo it fires.
   It protects you from fire.
   It makes you more stealthy.
 d - a +9 hunting sling of velocity
 o - the +11 flail of Action {speed, rElec MR+ Str+4 Int+4 Dex+4}
   (You took it off a frost giant on level 5 of the Vaults)

   Attacks with this weapon are significantly faster.
   It affects your strength (+4).
   It affects your intelligence (+4).
   It affects your dexterity (+4).
   It insulates you from electricity.
   It affects your resistance to hostile enchantments.
Missiles
 F - 682 sling bullets
Armour
 w - the +8 fire dragon armour of the Maze (worn) {rElec rF++ rC- Regen+ Dex+3 Slay+2}
   (You found it on level 11 of the Dungeon)

   It affects your dexterity (+3).
   It affects your accuracy and damage with ranged weapons and melee attacks
   (+2).
   It greatly protects you from fire.
   It makes you vulnerable to cold.
   It insulates you from electricity.
   It increases your rate of regeneration.
 A - a +2 pair of boots of running (worn)
 B - a +2 pair of gloves of dexterity (worn)
 E - a +5 shield of reflection (worn)
 N - a +2 cloak of poison resistance (worn)
 V - the +0 helmet of Imoingu (worn) {rC+}
   (You bought it in a shop on level 2 of the Orcish Mines)

   It protects you from cold.
Rods
 t - a +7 lightning rod (17/17)
   (You found it on level 2 of the Dungeon)
Jewellery
 k - the ring of Faplonau (left hand) {rPois rF+ Str+3 Dex+5}
   (You found it on level 3 of the Elven Halls)

   [ring of poison resistance]

   It affects your strength (+3).
   It affects your dexterity (+5).
   It protects you from fire.
   It protects you from poison.
 G - an uncursed ring of protection from magic
 I - the ring of Agnosticism {rElec rN+ Dex-2 Slay+3}
   (You found it on level 3 of the Vaults)

   [ring of dexterity]

   It affects your dexterity (-2).
   It affects your accuracy and damage with ranged weapons and melee attacks
   (+3).
   It insulates you from electricity.
   It protects you from negative energy.
 M - an uncursed ring of see invisible
 U - the amulet of Vehumet's Anger (around neck) {Faith rC+ MR+ Str+4}
   (You found it on level 3 of the Elven Halls)

   [amulet of faith]

   It allows you to gain divine favour quickly.
   It affects your strength (+4).
   It protects you from cold.
   It affects your resistance to hostile enchantments.
 Z - the ring "Garoisos" (right hand) {Ice +Inv +Fly Int+4}
   (You found it on level 9 of the Dungeon)

   [ring of ice]

   It enhances your ice magic, and weakens your fire magic.
   It affects your intelligence (+4).
   It makes you vulnerable to fire.
   It protects you from cold.
   It lets you turn invisible.
   It lets you fly.
Wands
 j - a wand of lightning (6/15)
 Q - a wand of iceblast (2/15)
 S - a wand of disintegration (7/24)
 W - a wand of digging (10/24)
 X - a wand of teleportation (1/9)
Scrolls
 f - a scroll of enchant weapon
 g - 4 scrolls of magic mapping
 i - 2 scrolls of blinking
 l - 16 scrolls of remove curse
 m - 9 scrolls of teleportation
 q - a scroll of immolation
 s - a scroll of identify
 v - 2 scrolls of fear
Potions
 r - 20 potions of curing
 u - a potion of agility
 x - 6 potions of heal wounds
 z - 3 potions of cancellation
 O - 2 potions of haste
Miscellaneous
 e - the horn of Geryon
 n - a sack of spiders {used: 7}
 p - a box of beasts {used: 5}
 y - a lamp of fire
 C - a fan of gales
 H - a sack of spiders
 J - a plain deck of escape {drawn: 4}
 K - a phial of floods
 L - a stone of tremors
Comestibles
 h - 5 fruits
 D - 6 chunks of flesh
 P - 4 bread rations


   Skills:
 - Level 10.1 Fighting
 - Level 20.0 Short Blades
 - Level 19.0 Slings
 - Level 12.0 Armour
 - Level 20.0 Dodging
 + Level 22.6 Stealth
 - Level 16.1 Shields
 - Level 10.0 Spellcasting
 - Level 15.1 Translocations
 - Level 14.0 Air Magic
 - Level 12.0 Invocations
 - Level 12.0 Evocations


You had 18 spell levels left.
You knew the following spells:

 Your Spells              Type           Power        Failure   Level  Hunger
a - Force Lance           Conj/Tloc      ####....     14%         4    ###....
b - Apportation           Tloc           #####.....   1%          1    None
c - Blink                 Tloc           N/A          1%          2    None
d - Portal Projectile     Tloc           #####.       1%          3    #......
e - Teleport Other        Tloc           #####...     1%          3    #......
f - Summon Forest         Summ/Tloc      ####......   38%         5    #####..
g - Shroud of Golubria    Chrm/Tloc      ####......   1%          2    None
h - Recall                Summ/Tloc      N/A          4%          3    #......
i - Repel Missiles        Chrm/Air       ####..       2%          2    None
j - Mephitic Cloud        Conj/Pois/Air  ###.....     17%         3    #......


Dungeon Overview and Level Annotations

Branches:
Dungeon (15/15)            Temple (1/1) D:5            Lair (8/8) D:11
  Swamp (4/4) Lair:5        Snake (4/4) Lair:6        Slime (0/6) Lair:7
    Orc (2/2) D:11            Elf (3/3) Orc:2        Vaults (5/5) D:14
  Crypt (0/3) Vaults:2     Depths (2/5) D:15           Hell (1/1)
    Dis: Hell:1         Geh: Hell:1         Coc: Hell:1         Tar: Hell:1

Altars:
Ashenzari
Cheibriados
Dithmenos
Elyvilon
Fedhas
Gozag
Kikubaaqudgha
Makhleb
Nemelex Xobeh
Okawaru
Pakellas
Qazlal
Ru
Sif Muna
Trog
Vehumet
Xom
Yredelemnul
Zin
The Shining One

Shops:
D:9 }   D:10 ?   Orc:1 }   Orc:2 (*[:   Elf:2 }   Elf:3 ?   Vaults:1 =
Vaults:4 (

Portals:
Hell: Depths:1
Abyss: Depths:2

Annotations:
Swamp:4 exclusion: Roxanne, Roxanne


Innate Abilities, Weirdness & Mutations

You are small and have problems with some larger weapons.
You are somewhat resistant to further mutation.


Message History

The starcursed mass completely misses you.
You puncture the soul eater! You burn the soul eater.
You kill the soul eater!
You block the starcursed mass's attack. The hell hog completely misses you.
You block the hell hog's attack.
You hit the small abomination. You burn the small abomination.
The small abomination is heavily damaged.
A deafening chorus of shrieks assaults your mind!
* * * LOW HITPOINT WARNING * * *
You suddenly lose the ability to move!
The small abomination hits you but does no damage.
The hell hog bites you but does no damage.
The hell hog bites you.
* * * LOW HITPOINT WARNING * * *
The hell hog bites you but does no damage.
The starcursed mass engulfs you but does no damage. x2
The starcursed mass engulfs you.
* * * LOW HITPOINT WARNING * * *
The small abomination hits you!
You die...

# . # #. . . .## #..
.#.. .. .#.#.#.###
..#.. # . #...#.....#
.. # # . ##.#..#.$
#..## .#..###...#.##.
# .....#Xhh......... .
. .....Xx@h.X..... . .
......XXh...... .. . .
.......X........ . .
.....#.............)..
............... .
......x#.....#.. ..#
#.. #.###...## ..###
#.. #. .... . .. . ...
. . .


You could see 5 starcursed masses, 4 hell hogs, a large abomination and 2 small
abominations.

Vanquished Creatures
  Geryon (Hell)
  Nikola (Vaults:1)
  A bone dragon (Vaults:2)
  4 tentacled monstrosities
  Asterion (Snake:1)
  2 liches
  A titan (Vaults:5)
  4 quicksilver dragons (Vaults:5)
  4 deep elf blademasters
  5 sphinxes
  4 tentacled starspawn
  Agnes (D:15)
  2 shadow dragons (Vaults:5)
  4 tengu reavers
  8 storm dragons
  A thorn hunter (Swamp:4)
  Donald (Swamp:3)
  8 greater nagas
  2 iron dragons
  Maud (D:10)
  Aizul (Swamp:1)
  4 fire giants
  3 orc warlords
  10 deep elf sorcerers
  22 vault wardens
  Louise (Swamp:1)
  4 frost giants
  5 deep elf elementalists
  2 war gargoyles (Vaults:5)
  24 ironheart preservers
  A vampire knight (Depths:1)
  The ghost of atarun the Severer, a journeyman HOBe of Trog (D:13)
  2 very ugly things
  16 stone giants
  A black draconian (Abyss:3)
  6 deep elf demonologists (Elf:3)
  The ghost of jombi the Severer, a journeyman DsCK of Xom (D:14)
  A lorocyproca (Abyss:3)
  A purple draconian (Abyss:4)
  2 salamander stormcallers (Vaults:4)
  A mottled draconian (Vaults:3)
  8 deep elf annihilators
  10 ettins
  2 minotaurs (Depths:2)
  8 deep elf death magi
  The ghost of atarun the Fighter, a journeyman TrBe of Trog (Orc:1)
  45 vault guards
  8 fire dragons
  6 deep elf high priests
  15 ogre magi
  9 great orbs of eyes
  12 yaktaur captains
  Josephine (D:11)
  2 ice dragons
  2 rakshasas
  16 centaur warriors
  9 naga warriors
  A ghost crab (Swamp:2)
  23 hydras
  2 catoblepae
  4 alligators
  6 anacondas
  4 tengu warriors
  Erica (D:10)
  24 dancing weapons
  2 deep troll shamans (Vaults:2)
  3 death knights
  11 thrashing horrors
  5 death yaks
  5 deep troll earth magi
  A spriggan berserker (Swamp:4)
  17 deep elf knights
  Urug (Lair:4)
  3 shock serpents
  10 hell knights
  17 naga sharpshooters
  3 soul eaters
  11 small abominations
  Sonja (D:11)
  2 fire crabs (shapeshifter)
  The ghost of sohrabkorkchi the Chopper, a novice HOFi of Makhleb (D:6)
  2 orc high priests (Orc:2)
  8 skeletal warriors
  2 fire crabs (Vaults:2)
  3 sea snakes (Snake:3)
  2 spatial maelstroms
  2 wretched stars
  A deep troll (shapeshifter) (D:12)
  9 unseen horrors
  A death drake (Abyss:5)
  23 deep trolls
  3 flayed ghosts
  2 salamander mystics (Vaults:4)
  A shadow wraith (Abyss:3)
  2 spriggan druids
  12 swamp dragons
  9 naga ritualists
  An orange crystal statue (D:11)
  3 shambling mangroves
  11 starcursed masses
  3 giant orange brains
  8 hill giants
  9 deep elf archers
  6 phantasmal warriors
  2 lindwurms
  4 necromancers
  47 deep elf magi
  20 ironbrand convokers
  9 harpies (Vaults:4)
  4 mana vipers
  24 orc knights
  3 manticores
  An oklob plant (Lair:5)
  4 wolf spiders
  49 ugly things
  A fire giant zombie (Vaults:3)
  2 hornets
  12 griffons
  10 orc sorcerers
  15 salamanders
  A shining eye (shapeshifter) (Vaults:5)
  A worldbinder (Abyss:3)
  A moth of wrath (shapeshifter) (Vaults:1)
  2 toenail golems (Volcano)
  2 sixfirhies
  6 cyclopes
  A stone giant skeleton (Abyss:2)
  21 vault sentinels
  14 elephants
  2 torpor snails (Lair:6)
  3 smoke demons
  3 gargoyles
  21 naga magi
  4 guardian serpents
  38 black mambas
  2 human zombies (Vaults:3)
  29 spiny frogs
  An efreet (D:12)
  15 freezing wraiths
  12 komodo dragons
  4 rime drakes
  6 ice devils
  7 anaconda simulacra (IceCv)
  2 kobold demonologists (D:11)
  An emperor scorpion zombie (Abyss:3)
  44 yaktaurs
  A demonic crawler (Abyss:3)
  2 golden dragon simulacra (IceCv)
  4 ancient zymes
  2 queen bees
  A tengu conjurer (D:13)
  A polar bear (shapeshifter) (Abyss:3)
  3 polar bears
  15 trolls
  A jumping spider (Vaults:3)
  A queen bee (shapeshifter) (Vaults:2)
  7 giant leeches
  A two-headed ogre (shapeshifter) (Vaults:2)
  A jumping spider (shapeshifter) (Depths:2)
  33 slime creatures
  12 bog bodies
  24 two-headed ogres
  Grinder (D:4)
  5 boulder beetles
  A slime creature (shapeshifter) (D:14)
  19 blink frogs
  2 raiju
  4 redbacks
  3 air elementals
  A redback (shapeshifter) (D:12)
  A shadow (D:11)
  54 yaks
  11 wyverns
  19 water elementals
  A vampire (D:14)
  13 spriggans
  9 wraiths
  3 basilisks
  11 large abominations
  10 hippogriffs
  3 ynoxinuls
  3 steam dragons
  2 humans (shapeshifter)
  A chaos spawn (Abyss:3)
  2 fire bats (Abyss:3)
  2 fire elementals (Elf:3)
  26 vampire mosquitoes
  2 hungry ghosts
  A neqoxec (Abyss:4)
  2 harpy simulacra (IceCv)
  14 wargs
  7 spatial vortices
  An iron troll simulacrum (IceCv)
  10 insubstantial wisps
  27 swamp worms
  56 nagas
  A hell hound (Abyss:3)
  Edmund (D:5)
  2 mottled dragons
  3 hydra simulacra (IceCv)
  A hell hound (shapeshifter) (Vaults:5)
  18 water moccasins
  9 porcupines
  Duvessa (D:6)
  An alligator simulacrum (IceCv)
  3 black bears
  A hornet simulacrum (D:15)
  6 ice beasts
  73 orc warriors
  16 wasps
  7 sky beasts
  19 swamp drakes
  2 eyes of draining
  A black bear (shapeshifter) (Vaults:3)
  60 ogres
  A black mamba simulacrum (Abyss:2)
  8 wolves
  14 centaurs
  A necrophage (D:9)
  5 phantoms
  5 boggarts (Vaults:1)
  23 crocodiles
  An elf skeleton (Vaults:3)
  2 big kobolds (D:11)
  27 giant frogs
  A human simulacrum (Vaults:3)
  5 scorpions
  An earth elemental (Elf:2)
  Dowan (D:6)
  39 killer bees
  A spriggan skeleton (Lab)
  9 wights
  2 electric eels
  A howler monkey (D:6)
  11 crimson imps
  A draconian simulacrum (IceCv)
  5 centaur zombies
  A giant frog zombie (D:13)
  3 giant frog skeletons
  9 hounds
  4 jellies
  5 quasits
  22 orc priests
  7 centaur skeletons
  3 iron imps
  A human skeleton (Abyss:3)
  14 iguanas
  27 orc wizards
  A hell rat (D:11)
  6 troll simulacra (IceCv)
  2 polar bear simulacra (IceCv)
  16 worker ants
  A wolf simulacrum (IceCv)
  A killer bee zombie (D:7)
  22 sheep
  A centaur simulacrum (IceCv)
  2 hound skeletons (D:4)
  2 worker ant zombies
  18 gnolls
  22 adders
  A naga simulacrum (IceCv)
  An ogre simulacrum (IceCv)
  25 river rats
  3 shadow imps
  6 white imps (IceCv)
  2 ufetubi (IceCv)
  A worm (shapeshifter) (D:13)
  4 worms
  2 dart slugs
  2 giant geckos
  122 orcs
  2 giant cockroaches
  8 goblins
  5 hobgoblins
  5 jackals
  4 quokkas
  2 ball pythons (Snake:3)
  7 bats
  6 giant newts
  11 kobolds
  A quokka zombie (D:6)
  9 rats
  3 crawling corpses (Elf:3)
  7 fungi
  5 plants
  2 starspawn tentacles (Abyss:3)
2311 creatures vanquished.

Vanquished Creatures (collateral kills)
  An Ice Fiend (IceCv)
  Rupert (Snake:1)
  A stone giant (Vaults:5)
  An ironheart preserver (Vaults:5)
  A deep elf death mage (Elf:3)
  A vault guard (Vaults:5)
  An ettin (Vaults:5)
  2 deep elf high priests
  A yaktaur captain (Vaults:3)
  A hydra (Lair:7)
  A deep elf knight (Elf:1)
  A deep troll (Vaults:2)
  2 ironbrand convokers (Vaults:5)
  An orc knight (Vaults:5)
  A mana viper (Snake:1)
  2 ugly things
  2 deep elf magi (Elf:1)
  2 griffons
  A hornet (Lair:8)
  3 black mambas
  An elephant (Lair:8)
  A guardian serpent (Lair:8)
  A naga mage (Snake:4)
  A rime drake (Lair:8)
  A troll (D:14)
  A hippogriff (Lair:7)
  A naga (Snake:4)
  A warg (D:11)
  4 water moccasins (Lair:8)
  2 hell hounds (Volcano)
  A porcupine (D:11)
  A sky beast (D:11)
  A black bear (D:13)
  2 giant frogs (D:11)
  A crimson imp (D:11)
  A hound (D:11)
  3 orc priests (D:11)
  4 orcs
  A goblin (Orc:1)
  4 fungi (Lair:8)
  A plant (Lair:8)
61 creatures vanquished.

Vanquished Creatures (others)
  A tengu reaver (Vaults:5)
  A greater naga (Snake:4)
  2 deep elf annihilators
  A yaktaur captain (Vaults:5)
  A naga warrior (Snake:3)
  A centaur warrior (Vaults:3)
  An ogre mage (Vaults:1)
  An alligator (Swamp:3)
  A naga sharpshooter (Snake:3)
  A spriggan (Swamp:1)
  A deep elf knight (Elf:2)
  A harpy (Vaults:4)
  2 deep elf archers
  A deep elf mage (Elf:1)
  A salamander (Vaults:4)
  A cyclops (D:13)
  8 yaktaurs
  A yak (D:10)
  A warg (Vaults:5)
  A swamp drake (Swamp:1)
  2 orc warriors
  An ogre (Vaults:3)
  A wasp (Swamp:1)
  4 centaurs
  2 big kobolds
  An iguana (D:8)
  3 ufetubi (IceCv)
  A ball lightning (Lair:8)
  An orc (Orc:2)
  35 fungi
  28 plants
  12 starspawn tentacles
  259 starspawn tentacle segments
379 creatures vanquished.

Grand Total: 2751 creatures vanquished

Notes
Turn   | Place    | Note
--------------------------------------------------------------
     0 | D:1      | Mungo the Halfling Hunter began the quest for the Orb.
     0 | D:1      | Reached XP level 1. HP: 14/14 MP: 1/1
    75 | D:1      | Reached XP level 2. HP: 19/19 MP: 2/2
   398 | D:1      | Found a sacrificial altar of Ru.
   687 | D:2      | Reached XP level 3. HP: 24/24 MP: 3/3
  1107 | D:2      | Reached XP level 4. HP: 29/29 MP: 4/4
  1307 | D:3      | Reached skill level 1 in Evocations
  1599 | D:3      | Found a sparkling altar of Nemelex Xobeh.
  1652 | D:3      | Reached XP level 5. HP: 34/34 MP: 4/6
  1656 | D:3      | Reached skill level 1 in Shields
  1680 | D:3      | Found a radiant altar of Vehumet.
  2066 | D:4      | Noticed Grinder
  2073 | D:4      | Killed Grinder
  2073 | D:4      | Reached XP level 6. HP: 23/39 MP: 7/7
  2099 | D:4      | Reached XP level 7. HP: 29/44 MP: 8/8
  2443 | D:4      | Found a shadowy altar of Dithmenos.
  2790 | D:5      | Entered Level 5 of the Dungeon
  2919 | D:5      | Noticed Edmund
  2942 | D:5      | Killed Edmund
  2942 | D:5      | Reached XP level 8. HP: 16/49 MP: 10/10
  3465 | D:5      | Found a white marble altar of Elyvilon.
  3618 | D:5      | Found a staircase to the Ecumenical Temple.
  3623 | Temple   | Entered the Ecumenical Temple
  3841 | D:6      | Noticed sohrabkorkchi's ghost (novice HOFi)
  3856 | D:6      | Noticed Dowan
  4079 | D:6      | Killed Dowan
  4095 | D:6      | Noticed Duvessa
  4126 | D:6      | Reached skill level 10 in Slings
  4363 | D:6      | Found an iron altar of Okawaru.
  4373 | D:6      | Became a worshipper of Warmaster Okawaru
  4472 | D:6      | Killed Duvessa
  4646 | D:5      | Reached * piety under Okawaru
  4646 | D:5      | Reached XP level 9. HP: 54/54 MP: 12/12
  4710 | D:6      | Reached skill level 5 in Evocations
  5212 | D:6      | Killed sohrabkorkchi's ghost
  5212 | D:6      | Reached ** piety under Okawaru
  5212 | D:6      | Reached skill level 5 in Shields
  5607 | D:7      | Reached skill level 5 in Armour
  5759 | D:7      | Reached XP level 10. HP: 57/60 MP: 14/14
  5867 | D:7      | Reached skill level 5 in Dodging
  6102 | D:7      | Reached *** piety under Okawaru
  6786 | D:8      | Found a white marble altar of Elyvilon.
  7088 | D:8      | Found a shadowy altar of Dithmenos.
  7531 | D:9      | Found Maweh's Gadget Boutique.
  7630 | D:9      | Reached **** piety under Okawaru
  8135 | D:9      | Got a scintillating jade ring
  8136 | D:9      | Identified the ring "Garoisos" {Ice +Inv +Fly Int+4} (You found it on level 9 of the Dungeon)
  8152 | D:9      | Received a gift from Okawaru
  8331 | D:10     | Entered Level 10 of the Dungeon
  8349 | D:10     | Reached XP level 11. HP: 64/64 MP: 17/17
  8403 | D:10     | Noticed Maud
  8766 | D:10     | Received a gift from Okawaru
  8858 | D:10     | Reached skill level 15 in Slings
  8943 | D:10     | Received a gift from Okawaru
  9014 | D:10     | Found Xonlei's Magic Scroll Emporium.
  9022 | D:10     | Bought a scroll of blinking for 105 gold pieces
  9348 | D:10     | Noticed Erica
 10041 | D:11     | Reached ***** piety under Okawaru
 10108 | D:11     | Received a gift from Okawaru
 10110 | D:11     | Noticed an orange crystal statue
 10151 | D:11     | Noticed a cyan ugly thing
 10185 | D:11     | Killed a cyan ugly thing
 10228 | D:11     | Noticed a hill giant
 10431 | D:11     | Found a staircase to the Orcish Mines.
 10439 | D:11     | Reached skill level 2 in Stealth
 10466 | D:11     | Received a gift from Okawaru
 10489 | D:11     | Reached skill level 3 in Stealth
 10510 | D:11     | Reached skill level 4 in Stealth
 10561 | D:11     | Found a staircase to the Lair.
 10594 | D:11     | Reached skill level 5 in Stealth
 10687 | D:11     | Reached skill level 6 in Stealth
 10693 | D:11     | Noticed Josephine
 10728 | D:11     | Killed Josephine
 10728 | D:11     | Reached skill level 8 in Stealth
 10910 | D:11     | Reached skill level 9 in Stealth
 10962 | D:11     | Killed a hill giant
 10962 | D:11     | Received a gift from Okawaru
 10962 | D:11     | Reached XP level 12. HP: 69/70 MP: 18/18
 10991 | D:11     | Reached skill level 10 in Stealth
 11034 | D:11     | Noticed Sonja
 11059 | D:11     | Killed Sonja
 11059 | D:11     | Reached skill level 11 in Stealth
 11204 | D:11     | Reached skill level 12 in Stealth
 11428 | D:12     | Reached skill level 13 in Stealth
 11469 | D:12     | Noticed a skeletal warrior
 11678 | D:11     | Got a jewelled fire dragon armour
 11708 | D:11     | Identified the +8 fire dragon armour of the Maze {rElec rF++ rC- Regen+ Dex+3 Slay+2} (You found it on level 11 of the Dungeon)
 11971 | D:10     | Killed an unseen horror
 11972 | D:10     | Killed Erica
 11972 | D:10     | Reached skill level 14 in Stealth
 12072 | D:10     | Killed Maud
 12072 | D:10     | Reached skill level 15 in Stealth
 12518 | D:12     | Killed a skeletal warrior
 12518 | D:12     | Reached skill level 16 in Stealth
 12581 | D:12     | Noticed a death knight
 12653 | D:11     | Received a gift from Okawaru
 12653 | D:11     | Reached skill level 1 in Short Blades
 12662 | Lair:1   | Entered Level 1 of the Lair of Beasts
 12800 | Lair:1   | Reached XP level 13. HP: 74/74 MP: 19/19
 13494 | Lair:2   | Found a labyrinth entrance.
 13550 | Lab      | Entered a labyrinth
 14327 | Lab      | Noticed a minotaur
 14379 | Lab      | Identified the Guide on Confrontation and Stones
 14764 | Lair:2   | Noticed a four-headed hydra
 14794 | Lair:2   | Learned a level 4 spell: Force Lance
 14816 | Lair:2   | Reached skill level 1 in Translocations
 15402 | Lair:2   | Killed a four-headed hydra
 15402 | Lair:2   | Reached skill level 5 in Translocations
 16149 | Lair:3   | Reached ****** piety under Okawaru
 16161 | Lair:3   | Received a gift from Okawaru
 16556 | Lair:3   | Reached skill level 10 in Translocations
 16827 | Lair:4   | Noticed Urug
 16852 | Lair:4   | Killed Urug
 17266 | Lair:4   | Reached XP level 14. HP: 81/81 MP: 20/20
 17968 | Lair:5   | Got a scorched blowgun
 17969 | Lair:5   | Identified the +6 blowgun "Hydrabane" {evade, rPois rN+ MR- Str+2} (You found it on level 5 of the Lair of Beasts)
 18498 | Lair:5   | Found a staircase to the Swamp.
 19194 | Lair:6   | Found a staircase to the Snake Pit.
 19332 | Lair:6   | Received a gift from Okawaru
 19783 | Lair:6   | Reached skill level 15 in Translocations
 20468 | Lair:7   | Found a staircase to the Slime Pits.
 20633 | Lair:7   | Reached skill level 1 in Spellcasting
 20739 | Lair:7   | Reached skill level 5 in Short Blades
 21361 | Lair:7   | Received a gift from Okawaru
 21859 | Lair:8   | Entered Level 8 of the Lair of Beasts
 21974 | Lair:8   | Received a gift from Okawaru
 22215 | Lair:8   | Received a gift from Okawaru
 22438 | Lair:8   | Reached XP level 15. HP: 89/89 MP: 21/21
 22958 | Lair:8   | Received a gift from Okawaru
 22959 | Lair:8   | Got a faintly humming robe {god gift}
 22970 | Lair:8   | Identified the +2 robe of the Beekeeper {+Inv MR+ Str+4} (Okawaru gifted it to you on level 8 of the Lair of Beasts)
 23450 | Lair:8   | Hired Aczidink the big kobold for 91 gold.
 23453 | Lair:8   | Reached skill level 5 in Fighting
 23453 | Lair:8   | Your ally Aczidink died
 24960 | Orc:1    | Entered Level 1 of the Orcish Mines
 24984 | Orc:1    | Noticed an orc warlord
 25076 | Orc:1    | Killed an orc warlord
 25083 | Orc:1    | HP: 1/92 [orc warrior/long sword (30)]
 25104 | Orc:1    | Noticed a stone giant
 25158 | Orc:1    | Killed a stone giant
 25158 | Orc:1    | Received a gift from Okawaru
 25241 | Orc:1    | Found a flagged portal.
 25247 | Bailey   | Entered a bailey
 25304 | Bailey   | Received a gift from Okawaru
 25308 | Bailey   | Reached skill level 10 in Evocations
 25671 | Orc:1    | Found a dark tunnel.
 25688 | Volcano  | Entered a volcano
 25798 | Volcano  | Drew Focus: Dex increased to 23, Int decreased to 9
 25799 | Volcano  | Hired Iheughen the big kobold for 104 gold.
 25810 | Volcano  | Received a gift from Okawaru
 26116 | Orc:1    | Found a bloodstained altar of Trog.
 26122 | Orc:1    | Your ally Iheughen died
 26165 | Orc:1    | Noticed atarun's ghost (journeyman TrBe)
 26181 | Orc:1    | Killed atarun's ghost
 26300 | Orc:1    | Found Ruroig's Gadget Emporium.
 26720 | Orc:2    | Entered Level 2 of the Orcish Mines
 26805 | Orc:2    | Reached XP level 16. HP: 75/98 MP: 24/24
 26950 | Orc:2    | Received a gift from Okawaru
 27073 | Orc:2    | Received a gift from Okawaru
 27631 | Orc:2    | Paralysed by an orc sorcerer for 2 turns
 27658 | Orc:2    | Found Nenifea's Book Shop.
 27737 | Orc:2    | Found Xout Viwn's General Store.
 27805 | Orc:2    | Bought a scroll of identify for 30 gold pieces
 28060 | Orc:2    | Bought a manual of Shields for 1766 gold pieces
 28149 | Orc:2    | Found Seorph's Antique Weapon Shoppe.
 28189 | Orc:2    | Found a staircase to the Elven Halls.
 28192 | Orc:2    | Found Qeriph's Antique Armour Emporium.
 28200 | Orc:2    | Bought an ancient helmet for 256 gold pieces
 28210 | Orc:2    | Identified the cursed +0 helmet of Imoingu {rC+} (You bought it in a shop on level 2 of the Orcish Mines)
 28624 | Orc:2    | Reached skill level 10 in Shields
 28990 | Swamp:1  | Entered Level 1 of the Swamp
 29411 | Swamp:1  | Noticed Aizul
 29435 | Swamp:1  | Noticed Louise
 29475 | Swamp:1  | Killed Louise
 30770 | Swamp:2  | Found a shimmering altar of Xom.
 30879 | Swamp:3  | Noticed a tentacled monstrosity
 30943 | Swamp:3  | Received a gift from Okawaru
 30958 | Swamp:3  | Noticed Donald
 30961 | Swamp:3  | Killed Donald
 31357 | Swamp:1  | Received a gift from Okawaru
 31412 | Swamp:1  | Reached skill level 15 in Shields
 31644 | Snake:1  | Entered Level 1 of the Snake Pit
 31644 | Snake:1  | Noticed Rupert
 31669 | Snake:1  | Received a gift from Okawaru
 31675 | Snake:1  | Killed Rupert
 31704 | Snake:1  | Noticed Asterion
 31925 | Elf:1    | Entered Level 1 of the Elven Halls
 32351 | Elf:1    | Reached XP level 17. HP: 101/103 MP: 25/25
 33757 | D:12     | Reached skill level 10 in Dodging
 33916 | D:12     | Received a gift from Okawaru
 34193 | D:12     | Found a shadowy altar of Dithmenos.
 34357 | D:12     | Received a gift from Okawaru
 34361 | D:12     | Got a polished hand crossbow
 34362 | D:12     | Identified the +7 hand crossbow of Salt {penet, Int+3 Dex+2} (You took it off a death knight on level 12 of the Dungeon)
 34707 | D:12     | Received a gift from Okawaru
 34710 | D:12     | Got a scorched demon blade {god gift}
 34731 | D:12     | Identified the +6 demon blade of Death's Door {freeze, rC+} (Okawaru gifted it to you on level 12 of the Dungeon)
 35382 | D:13     | Reached skill level 10 in Short Blades
 35493 | D:13     | Noticed atarun's ghost (journeyman HOBe)
 35536 | D:13     | Killed atarun's ghost
 36592 | D:13     | Paralysed by a great orb of eyes for 6 turns
 36735 | D:13     | Received a gift from Okawaru
 36761 | D:13     | Received a gift from Okawaru
 37170 | D:14     | Received a gift from Okawaru
 37186 | D:14     | Got a translucent rapier {god gift}
 37187 | D:14     | Identified the +10 rapier of Egalitarianism {flame, +Blink +Rage MP-9 Str+5} (Okawaru gifted it to you on level 14 of the Dungeon)
 37234 | D:14     | Noticed jombi's ghost (journeyman DsCK)
 37260 | D:14     | Cast into level 3 of the Abyss (jombi's ghost)
 37349 | D:14     | Escaped the Abyss
 37385 | D:14     | Killed jombi's ghost
 37665 | D:14     | Reached XP level 18. HP: 100/108 MP: 15/26
 37712 | D:14     | Got a bloodstained short sword
 37713 | D:14     | Identified the cursed +0 short sword "Elylesio" {speed, +Blink rPois Int+4} (You found it on level 14 of the Dungeon)
 37773 | D:14     | Found a gate to the Vaults.
 38286 | D:15     | Entered Level 15 of the Dungeon
 38311 | D:15     | Reached skill level 15 in Short Blades
 38314 | D:15     | Received a gift from Okawaru
 38646 | D:15     | Noticed Agnes
 38753 | D:15     | Found a staircase to the Depths.
 39382 | Swamp:1  | Killed Aizul
 39701 | Swamp:2  | Received a gift from Okawaru
 39793 | Swamp:3  | Killed a tentacled monstrosity
 39854 | Swamp:3  | Identified a scroll of acquirement
 40548 | Swamp:4  | Entered Level 4 of the Swamp
 40571 | Swamp:4  | Found a frozen archway.
 40625 | Swamp:4  | Learned a level 1 spell: Apportation
 40628 | Swamp:4  | Learned a level 2 spell: Blink
 40632 | Swamp:4  | Learned a level 3 spell: Portal Projectile
 40641 | Swamp:4  | Learned a level 3 spell: Teleport Other
 40649 | IceCv    | Entered an ice cave
 40828 | IceCv    | Learned a level 5 spell: Summon Forest
 41044 | IceCv    | Noticed an Ice Fiend
 41105 | IceCv    | Reached XP level 19. HP: 120/120 MP: 18/27
 41122 | IceCv    | Killed an Ice Fiend
 41439 | Swamp:4  | Noticed Roxanne
 41447 | Swamp:4  | Learned a level 2 spell: Shroud of Golubria
 41451 | Swamp:4  | Learned a level 3 spell: Recall
 41552 | Swamp:4  | Received a gift from Okawaru
 41623 | Swamp:4  | Reached skill level 17 in Stealth
 41633 | Swamp:4  | Received a gift from Okawaru
 41686 | Swamp:4  | Reached skill level 1 in Invocations
 41696 | Swamp:4  | Received a gift from Okawaru
 41703 | Swamp:4  | Received a gift from Okawaru
 41806 | Swamp:4  | Got a decaying rune of Zot
 42058 | Swamp:4  | Reached skill level 5 in Invocations
 42524 | Vaults:1 | Entered Level 1 of the Vaults
 42710 | Vaults:1 | Received a gift from Okawaru
 42848 | Vaults:1 | Reached skill level 10 in Armour
 43243 | Vaults:1 | Noticed Nikola
 43412 | Vaults:1 | Received a gift from Okawaru
 43566 | Vaults:1 | Killed Nikola
 43566 | Vaults:1 | Received a gift from Okawaru
 43572 | Vaults:1 | Got an ancient hunting sling {god gift}
 43573 | Vaults:1 | Identified the +6 hunting sling of the Doomed Warrior {venom, rF+ Stlth+} (Okawaru gifted it to you on level 1 of the Vaults)
 44081 | Vaults:1 | Reached XP level 20. HP: 117/126 MP: 19/28
 44157 | Vaults:1 | Found Zujozxov's Jewellery Emporium.
 44186 | Vaults:1 | Bought a ring of the Octopus King {rC+ AC+1 EV+1 Str+1 Int+1 Dex+1} for 513 gold pieces
 44560 | Vaults:2 | Received a gift from Okawaru
 44665 | Vaults:2 | Received a gift from Okawaru
 44763 | Vaults:2 | Received a gift from Okawaru
 45069 | Vaults:2 | Noticed a bone dragon
 45070 | Vaults:2 | Found a staircase to the Crypt.
 45269 | Vaults:2 | Received a gift from Okawaru
 45326 | Vaults:2 | Killed a bone dragon
 45354 | Vaults:2 | Reached skill level 10 in Fighting
 45700 | Vaults:2 | Received a gift from Okawaru
 45758 | Vaults:2 | Reached XP level 21. HP: 132/137 MP: 20/29
 45968 | Vaults:2 | Reached skill level 18 in Stealth
 46510 | Vaults:2 | Received a gift from Okawaru
 46862 | Vaults:3 | Reached skill level 5 in Spellcasting
 47298 | Vaults:3 | Got a glittering marble ring
 47300 | Vaults:3 | Identified the cursed ring of Agnosticism {rElec rN+ Dex-2 Slay+3} (You found it on level 3 of the Vaults)
 47463 | Vaults:3 | Received a gift from Okawaru
 48290 | Vaults:3 | Got a shimmering lead amulet
 48355 | Vaults:3 | Received a gift from Okawaru
 48542 | Vaults:3 | Reached XP level 22. HP: 143/143 MP: 20/35
 48739 | Vaults:3 | Got an ancient copper amulet
 49154 | D:11     | Identified the amulet "Voeg" {Faith rElec} (You took it off a vault sentinel on level 3 of the Vaults)
 49309 | D:10     | Bought a scroll of identify for 28 gold pieces
 49309 | D:10     | Bought a scroll of identify for 28 gold pieces
 49309 | D:10     | Bought a scroll of identify for 28 gold pieces
 49309 | D:10     | Identified the amulet of Zuvej {Spirit +Blink Int-4 Dex+4} (You took it off a yaktaur captain on level 3 of the Vaults)
 49538 | Snake:1  | Killed Asterion
 49664 | Snake:1  | Reached skill level 10 in Spellcasting
 50007 | Snake:2  | Reached skill level 5 in Air Magic
 50371 | Snake:2  | Found a stormy altar of Qazlal.
 50904 | Snake:3  | Reached skill level 10 in Air Magic
 50963 | Snake:3  | Received a gift from Okawaru
 51207 | Snake:3  | Received a gift from Okawaru
 51616 | Snake:3  | Received a gift from Okawaru
 51749 | Snake:4  | Entered Level 4 of the Snake Pit
 51910 | Snake:4  | Received a gift from Okawaru
 52046 | Snake:4  | Received a gift from Okawaru
 52219 | Snake:4  | Received a gift from Okawaru
 52257 | Snake:4  | Reached XP level 23. HP: 132/148 MP: 28/37
 52260 | Snake:4  | Received a gift from Okawaru
 52801 | Snake:4  | Found a glowing golden altar of the Shining One.
 52993 | Snake:4  | Got a serpentine rune of Zot
 54037 | Elf:2    | Found Entyskun's Gadget Shop.
 54128 | Elf:2    | Found a runed gate.
 54128 | Elf:2    | Found a runed gate.
 54128 | Elf:2    | Found a runed gate.
 54234 | Elf:2    | Got a fine rapier
 54235 | Elf:2    | Identified the cursed +3 rapier "Caekk" {freeze, MP+9 Dex+4} (You found it on level 2 of the Elven Halls)
 55153 | Elf:3    | Entered Level 3 of the Elven Halls
 55221 | Elf:3    | Reached skill level 10 in Invocations
 55251 | Elf:3    | Received a gift from Okawaru
 55916 | Elf:3    | Found Haeres's Magic Scroll Shop.
 55954 | Elf:3    | Bought a scroll of acquirement for 728 gold pieces
 55959 | Elf:3    | Learned a level 2 spell: Repel Missiles
 55963 | Elf:3    | Learned a level 3 spell: Mephitic Cloud
 56391 | Elf:3    | Reached XP level 24. HP: 154/154 MP: 28/37
 56724 | Elf:3    | Cast into level 3 of the Abyss (a deep elf demonologist)
 56883 | Abyss:4  | Found a runed door.
 56892 | Abyss:4  | Found a corrupted altar of Lugonu.
 56922 | Abyss:4  | Found an opulent altar of Gozag.
 56922 | Abyss:4  | Found a shimmering altar of Xom.
 56922 | Abyss:4  | Found an ancient bone altar of Kikubaaqudgha.
 56922 | Abyss:4  | Found a basalt altar of Yredelemnul.
 56922 | Abyss:4  | Found a sparkling altar of Nemelex Xobeh.
 56922 | Abyss:4  | Found a glowing silver altar of Zin.
 56922 | Abyss:4  | Found a blossoming altar of Fedhas.
 56922 | Abyss:4  | Found a radiant altar of Vehumet.
 56922 | Abyss:4  | Found a white marble altar of Elyvilon.
 56924 | Abyss:4  | Found an iron altar of Okawaru.
 56924 | Abyss:4  | Found a snail-covered altar of Cheibriados.
 56924 | Abyss:4  | Found a bloodstained altar of Trog.
 56926 | Abyss:4  | Found a stormy altar of Qazlal.
 56926 | Abyss:4  | Found a shattered altar of Ashenzari.
 56926 | Abyss:4  | Found a glowing golden altar of the Shining One.
 56928 | Abyss:4  | Found a deep blue altar of Sif Muna.
 56928 | Abyss:4  | Found a shadowy altar of Dithmenos.
 56928 | Abyss:4  | Found a burning altar of Makhleb.
 57126 | Abyss:4  | Found a corrupted altar of Lugonu.
 57131 | Abyss:4  | Found a corrupted altar of Lugonu.
 57164 | Abyss:5  | Entered Level 5 of the Abyss
 57269 | Elf:3    | Escaped the Abyss
 57539 | Elf:3    | Received a gift from Okawaru
 57612 | Elf:3    | Got a heavily runed jade ring
 57614 | Elf:3    | Got a bound amethyst amulet
 57615 | Elf:3    | Identified the amulet of Vehumet's Anger {Faith rC+ MR+ Str+4} (You found it on level 3 of the Elven Halls)
 57634 | Elf:3    | Identified the ring of Faplonau {rPois rF+ Str+3 Dex+5} (You found it on level 3 of the Elven Halls)
 57758 | Elf:3    | Got an ancient falchion {slice}
 57759 | Elf:3    | Identified the +4 falchion of Disembowelment {slice, MP+9} (You took it off a deep elf annihilator on level 3 of the Elven Halls)
 58458 | Vaults:4 | Received a gift from Okawaru
 58623 | Vaults:4 | Reached skill level 15 in Dodging
 58925 | Vaults:4 | Received a gift from Okawaru
 59613 | Vaults:4 | Found Toutisis's Antique Weapon Emporium.
 59763 | Vaults:4 | Received a gift from Okawaru
 59771 | Vaults:4 | Reached XP level 25. HP: 159/159 MP: 28/37
 59986 | Vaults:4 | Received a gift from Okawaru
 60024 | Vaults:5 | Entered Level 5 of the Vaults
 60629 | Vaults:5 | Got a pitted quarterstaff {speed}
 60640 | Vaults:5 | Got a translucent flail {antimagic}
 60647 | Vaults:5 | Received a gift from Okawaru
 60920 | Vaults:5 | Received a gift from Okawaru
 61430 | Vaults:5 | Reached skill level 19 in Stealth
 61464 | Vaults:5 | Received a gift from Okawaru
 61464 | Vaults:5 | Reached XP level 26. HP: 165/165 MP: 23/37
 61606 | Vaults:5 | Reached skill level 20 in Stealth
 62177 | Vaults:5 | Got a silver rune of Zot
 62482 | Vaults:5 | Got a scorched flail {speed}
 62483 | Vaults:5 | Identified the +11 flail of Action {speed, rElec MR+ Str+4 Int+4 Dex+4} (You took it off a frost giant on level 5 of the Vaults)
 62494 | Vaults:5 | Identified the cursed +3 quarterstaff of Reason {speed, Int+2} (You took it off an ironbrand convoker on level 5 of the Vaults)
 62498 | Vaults:5 | Identified the cursed +0 flail "Udo Optoxa" {antimagic, rPois} (You took it off a yaktaur on level 5 of the Vaults)
 62708 | D:15     | Killed Agnes
 63058 | Orc:2    | Bought a pair of runed boots for 121 gold pieces
 63070 | Orc:2    | Identified a +1 pair of boots of running (You bought it in a shop on level 2 of the Orcish Mines)
 63223 | Depths:1 | Entered Level 1 of the Depths
 63542 | Depths:1 | Received a gift from Okawaru
 64261 | Depths:1 | Found a gateway to Hell.
 64272 | Hell     | Entered the Vestibule of Hell
 64272 | Hell     | Noticed Geryon
 64276 | Hell     | Killed Geryon
 64966 | Depths:2 | Reached skill level 21 in Stealth
 65169 | Depths:2 | Got a brightly glowing robe
 65181 | Depths:2 | Identified the +3 robe "Vasint" {rC+ MR++} (You found it on level 2 of the Depths)
 65324 | Depths:2 | Found a one-way gate to the infinite horrors of the Abyss.
 65418 | Depths:2 | Voluntarily entered the Abyss.
 65418 | Abyss:1  | Found a corrupted altar of Lugonu.
 65482 | Depths:2 | Escaped the Abyss
 65487 | Depths:2 | Voluntarily entered the Abyss.
 65487 | Abyss:1  | Found a stormy altar of Qazlal.
 65538 | Abyss:2  | Found a corrupted altar of Lugonu.
 65969 | Abyss:2  | Reached skill level 22 in Stealth
 66171 | Abyss:2  | Found a corrupted altar of Lugonu.
 66417 | Abyss:3  | Received a gift from Okawaru
 66514 | Abyss:3  | Reached XP level 27. HP: 156/171 MP: 19/37
 66611 | Abyss:3  | Paralysed by accursed screaming for 2 turns
 66618 | Abyss:3  | Paralysed by accursed screaming for 2 turns
 66638 | Abyss:3  | Paralysed by accursed screaming for 1 turns
 66642 | Abyss:3  | HP: 11/256 [starcursed mass/accursed screaming (9)]
 66649 | Abyss:3  | HP: 4/256 [starcursed mass/accursed screaming (9)]
 66649 | Abyss:3  | Paralysed by accursed screaming for 1 turns
 66650 | Abyss:3  | HP: 1/256 [starcursed mass (3)]
 66650 | Abyss:3  | Mangled by a small abomination

Skill      XL: |  1  2  3  4  5  6  7  8  9 10 11 12 13 14 15 16 17 18 19 20 21 22 23 24 25 26 |
---------------+-------------------------------------------------------------------------------+-----
Slings         | 6 7 8 9 10 11 14 15 16 17 18 19 | 19.0
Evocations     | 1 2 3 4 6 8 9 11 12 | 12.0
Shields        | 2 3 5 6 7 8 9 15 16 | 16.1
Armour         | 2 3 5 8 9 12 | 12.0
Dodging        | 3 4 5 6 7 8 9 10 11 12 16 20 | 20.0
Fighting       | 2 3 5 8 10 | 10.1
Stealth        | 9 16 17 18 19 22 | 22.6
Short Blades   | 1 4 6 8 13 17 19 20 | 20.0
Translocations | 11 15 | 15.1
Spellcasting   | 3 4 9 10 | 10.0
Invocations    | 5 12 | 12.0
Air Magic      | 13 14 | 14.0

Action                   |  1- 3 |  4- 6 |  7- 9 | 10-12 | 13-15 | 16-18 | 19-21 | 22-24 | 25-27 || total
-------------------------+-------+-------+-------+-------+-------+-------+-------+-------+-------++-------
Melee: Dagger            |       |       |       |    50 |   144 |   141 |       |       |       ||   335
       Short sword       |       |       |       |     3 |       |   430 |       |       |       ||   433
       Hunting sling     |       |       |       |       |     2 |       |       |       |       ||     2
       Rapier            |       |       |       |       |       |   770 |  1140 |  1590 |  1661 ||  5161
       Demon blade       |       |       |       |       |       |   230 |    14 |    38 |    52 ||   334
 Fire: Hunting sling     |    83 |    60 |   346 |   799 |  2366 |  1153 |   411 |   763 |   159 ||  6140
       Blowgun           |       |       |       |    45 |   246 |   192 |     6 |       |       ||   489
       Greatsling        |       |       |       |       |    13 |       |       |       |       ||    13
Throw: Stone             |       |       |       |     2 |   125 |     2 |     4 |       |       ||   133
 Cast: Shroud of Golubri |       |       |       |       |       |       |     1 |     1 |     3 ||     5
       Recall            |       |       |       |       |       |       |     1 |       |     1 ||     2
       Blink             |       |       |       |       |       |       |     1 |       |       ||     1
       Apportation       |       |       |       |       |       |       |       |    16 |     1 ||    17
       Mephitic Cloud    |       |       |       |       |       |       |       |       |    10 ||    10
       Repel Missiles    |       |       |       |       |       |       |       |       |     1 ||     1
       Summon Forest     |       |       |       |       |       |       |       |       |     1 ||     1
Invok: Heroism           |       |       |       |       |     5 |     9 |     9 |     3 |     2 ||    28
       Finesse           |       |       |       |       |       |     3 |     3 |     3 |     5 ||    14
 Abil: Evoke Invisibilit |       |       |       |     7 |     9 |    12 |     8 |     3 |     1 ||    40
       Evoke Flight      |       |       |       |       |     1 |       |       |     1 |       ||     2
       Evoke Berserk Rag |       |       |       |       |       |     4 |     3 |     2 |     2 ||    11
Evoke: Rod               |     2 |     7 |    36 |    66 |    58 |    46 |    52 |    15 |    12 ||   294
       Wand              |       |       |    13 |    39 |    42 |    21 |     7 |     6 |     6 ||   134
       Stone of tremors  |       |       |       |       |     3 |     3 |     3 |     1 |     3 ||    13
       Deck              |       |       |       |       |     6 |       |     1 |       |     3 ||    10
       Lamp of fire      |       |       |       |       |     2 |     3 |     7 |     2 |     4 ||    18
       Fan of gales      |       |       |       |       |     1 |     2 |     3 |     2 |     3 ||    11
       Phial of floods   |       |       |       |       |       |       |     2 |     2 |     3 ||     7
       Sack of spiders   |       |       |       |       |       |       |       |       |     8 ||     8
       Box of beasts     |       |       |       |       |       |       |       |       |     5 ||     5
  Use: Scroll            |       |       |     6 |     9 |    14 |    33 |     8 |    20 |    12 ||   102
       Potion            |       |       |       |     3 |       |     8 |     7 |     7 |     8 ||    33
 Stab: Paralysed         |       |       |       |     3 |       |     1 |     1 |       |       ||     5
       Sleeping          |       |       |       |     6 |    15 |    38 |    25 |    38 |     9 ||   131
       Invisible         |       |       |       |     3 |    10 |    42 |    35 |    20 |    17 ||   127
       Confused          |       |       |       |       |     3 |     1 |     1 |       |     6 ||    11
       Distracted        |       |       |       |       |     2 |     6 |    12 |    19 |    23 ||    62
       Petrified         |       |       |       |       |       |       |       |       |     1 ||     1
  Eat: Chunk             |       |     4 |     7 |    20 |    35 |    32 |    15 |    19 |    17 ||   149
       Bread ration      |       |       |     1 |       |       |       |     2 |     2 |     1 ||     6
       Beef jerky        |       |       |     1 |       |     2 |     3 |       |       |       ||     6
       Meat ration       |       |       |       |     1 |     1 |     3 |     1 |     2 |     1 ||     9
       Pizza             |       |       |       |       |     1 |     5 |     1 |     1 |       ||     8
Armor: Leather armour    |     4 |     1 |    14 |    30 |       |       |       |       |       ||    49
       Fire dragon armou |       |       |       |    30 |   296 |   447 |   175 |   231 |   184 ||  1363
Dodge: Dodged            |    16 |     5 |    45 |   194 |   738 |   949 |   619 |   743 |   767 ||  4076
       Deflected         |       |       |       |       |       |       |       |       |     8 ||     8
Block: Buckler           |       |     3 |    25 |    80 |   372 |   248 |       |       |       ||   728
       Shield            |       |       |       |       |       |  1026 |   947 |  1419 |  1340 ||  4732
       Reflection        |       |       |       |       |       |    31 |    65 |   113 |    71 ||   280
